 Dungeon Crawl Stone Soup version 0.21.0-24-g2553a33 (webtiles) character file.

338 ChromeMolly the Cutter (level 6, 0/42 HPs)
             Began as an Octopode Fighter on Jan 19, 2018.
             Slain by a worm (8 damage)
             ... on level 3 of the Dungeon.
             The game lasted 00:15:53 (2903 turns).

ChromeMolly the Cutter (Octopode Fighter)           Turns: 2903, Time: 00:15:54

Health: 0/42       AC:  1    Str: 20    XL:     6   Next: 55%
Magic:  8/8        EV: 12    Int: 10    God:
Gold:   157        SH:  9    Dex: 14    Spells: 8/8 levels left

rFire    . . .     SeeInvis .   a - +1 rapier
rCold    . . .     Gourm    .   b - +0 shield
rNeg     . . .     Faith    .   p - +0 hat {MR+}
rPois    .         Spirit   .   (no amulet)
rElec    .         Reflect  .   (no ring)
rCorr    .         Harm     .   (no ring)
MR       +....                  (no ring)
Stlth    ++++......             (no ring)
HPRegen  0.14/turn              (no ring)
MPRegen  0.11/turn              (no ring)
                                (no ring)
                                (no ring)

@: mighty
A: almost no armour, stealthy swim, amphibious, 8 rings, constrict 8, camouflage
1, gelatinous body 1
a: no special abilities


You were on level 3 of the Dungeon.
You were not hungry.

You visited 1 branch of the dungeon, and saw 3 of its levels.

You collected 157 gold pieces.

Inventory:

Hand Weapons
 a - a +1 rapier (weapon)
 e - a +0 dagger
Missiles
 j - 11 poisoned needles
 k - 5 javelins
 q - 84 stones (quivered)
Armour
 b - a +0 shield (worn)
 p - a +0 hat of magic resistance (worn)
Scrolls
 i - a scroll of blinking
Potions
 g - 2 potions of brilliance {unknown}
 l - a potion of lignification {unknown}
 m - a potion of heal wounds {unknown}
 n - a potion of ambrosia {unknown}
 r - 2 potions of curing
 s - 2 potions of haste {unknown}
 u - a potion of invisibility {unknown}
Comestibles
 d - 6 rations
 f - 3 chunks of flesh


   Skills:
 + Level 3.4 Fighting
 * Level 4.1 Short Blades
 + Level 0.7 Throwing
 + Level 3.4 Dodging
 * Level 4.0 Stealth
 + Level 3.8 Shields
 * Level 1.9 Spellcasting


You had 8 spell levels left.
You didn't know any spells.

Dungeon Overview and Level Annotations

Branches:
Dungeon (3/15)

Altars:
Xom


Innate Abilities, Weirdness & Mutations

You cannot wear most types of armour.
You are very stealthy in the water. (Stealth+)
You are amphibious.
You can wear up to eight rings at the same time.
You can use your tentacles to constrict eight enemies at once.
Your skin changes colour to match your surroundings (Stealth+).
Your rubbery body absorbs attacks. (AC +1, EV +1)


Message History

* * * LOW HITPOINT WARNING * * *
You hit Ash44's ghost.
Ash44's ghost is almost destroyed.
The worm closely misses you.
Ash44's ghost shouts, "They lied to you.
The Dungeon just goes down and down forever."
You block Ash44's ghost's attack.
You hit Ash44's ghost but do no damage. You squeeze Ash44's ghost.
You destroy Ash44's ghost!
Your Short Blades skill increases to level 4!
Your Stealth skill increases to level 4!
You have reached level 6!
Your experience leads to an increase in your attributes!
Your base attributes are Str 15, Int 10, Dex 13.
Increase (S)trength, (I)ntelligence, or (D)exterity?
You feel agile.
Your shield prevents you from hitting the worm.
You grab the worm. You squeeze the worm!
The worm is almost dead.
You constrict the worm. The worm bites you!
You die...

### ##.## ..# #...# #.#
#...# #.# #...# #.#
#...# ###.#### #...#
#......# #...####
#.#.##.#####.......
#w@.#..............
#.....#..............
#...♣................
#..PP....####......##
............ #.....[..
#.#....##.##.##....#.##
#...... ..# ##....#.##
..#.## #### #....#..÷
#......##


You could see a worm.

Vanquished Creatures
  The ghost of Ash44 the Poker, an amateur DsGl of Trog (D:3)
  2 jellies (D:2)
  Robin (D:3)
  3 adders (D:2)
  An ooze (D:1)
  2 worms (D:2)
  3 dart slugs (D:2)
  3 leopard geckos
  An orc (D:3)
  A ball python (D:2)
  4 bats
  9 giant cockroaches
  16 goblins
  7 hobgoblins
  An iguana (D:2)
  6 jackals (D:2)
  4 quokkas
  5 frilled lizards
  8 kobolds
  4 rats
82 creatures vanquished.

Notes
Turn   | Place    | Note
-------+----------+-------------------------------------------
     0 | D:1      | ChromeMolly the Octopode Fighter began the quest for the Orb.
     0 | D:1      | Reached XP level 1. HP: 16/16 MP: 1/1
   182 | D:1      | Reached XP level 2. HP: 21/21 MP: 2/2
   504 | D:1      | Reached skill level 1 in Stealth
   653 | D:1      | Reached XP level 3. HP: 26/26 MP: 4/4
  1637 | D:2      | Reached skill level 1 in Spellcasting
  1671 | D:2      | Reached XP level 4. HP: 31/31 MP: 5/5
  1704 | D:2      | Found a shimmering altar of Xom.
  1780 | D:2      | Reached XP level 5. HP: 17/36 MP: 5/7
  2507 | D:3      | Noticed Robin
  2768 | D:3      | Killed Robin
  2891 | D:3      | Noticed Ash44's ghost (amateur DsGl)
  2902 | D:3      | Killed Ash44's ghost
  2902 | D:3      | Reached XP level 6. HP: 7/42 MP: 8/8
  2903 | D:3      | Slain by a worm

Skill      XL: |  1  2  3  4  5 |
---------------+----------------+-----
Stealth        | 1 2 4 |  4.0
Spellcasting   | 1 |  1.9
Short Blades   | 3 4 |  4.1
Fighting       | |  3.4
Throwing       | |  0.7
Dodging        | |  3.4
Shields        | |  3.8

Action                   |  1- 3 |  4- 6 || total
-------------------------+-------+-------++-------
Melee: Rapier            |    54 |    59 ||   113
       Constrict         |    19 |    23 ||    42
       Tentacles         |    11 |    18 ||    29
       Dagger            |     7 |    38 ||    45
Throw: Stone             |     7 |    14 ||    21
       Javelin           |     4 |     1 ||     5
  Use: Potion            |       |     3 ||     3
       Scroll            |       |     4 ||     4
 Stab: Sleeping          |     4 |     5 ||     9
  Eat: Chunk             |     2 |     4 ||     6
Armor: Skin              |     2 |     3 ||     5
Dodge: Dodged            |    15 |    33 ||    48
Block: Shield            |    20 |    33 ||    53
